 Dungeon Crawl Stone Soup version 0.20-a0-899-g09a9bfb (webtiles) character file.

625 tarabluh the Caller (level 7, 0/59 HPs)
             Began as a Troll Summoner on Mar 19, 2017.
             Slain by a sky beast (6 damage)
             ... on level 5 of the Dungeon.
             The game lasted 00:06:15 (3454 turns).

tarabluh the Caller (Troll Summoner)                Turns: 3454, Time: 00:06:15

Health: 0/59       AC:  6    Str: 17    XL:     7   Next: 23%
Magic:  10/10      EV: 10    Int: 13    God:
Gold:   200        SH:  0    Dex: 10    Spells: 10/11 levels left

rFire    . . .     SeeInvis .   (no weapon)
rCold    . . .     Gourm    +   a - +1 robe
rNeg     . . .     Faith    .   (no shield)
rPois    .         Spirit   .   (helmet restricted)
rElec    .         Reflect  .   (no cloak)
rCorr    .         Harm     .   (gloves unavailable)
MR       .....                  (boots unavailable)
Stlth    ++........             (no amulet)
Regen    0.6/turn               (no ring)
MPRegen  0.2/turn               f - ring of stealth

@: no status effects
A: unfitting armour, claws 3, fast metabolism 3, gourmand, regeneration 1,
shaggy fur 1, tough skin 2
a: no special abilities


You were on level 5 of the Dungeon.
You were very full.

You visited 1 branch of the dungeon, and saw 5 of its levels.

You collected 200 gold pieces.

Inventory:

Missiles
 h - 6 javelins (quivered)
Armour
 a - a +1 robe (worn)
Jewellery
 f - a ring of stealth (left claw)
 q - an uncursed ring of ice
Wands
 d - a wand of polymorph (11/24)
 l - a wand of lightning (8/15)
 u - a wand of lightning (1/15)
Scrolls
 e - 2 scrolls of enchant weapon
 k - 4 scrolls of teleportation
 t - a scroll of identify
 v - 2 scrolls of amnesia {unknown}
Potions
 g - 2 potions of haste
 i - a potion of degeneration {unknown}
 m - 2 potions of might
 n - a potion of cancellation {unknown}
 o - 2 potions of brilliance
 p - a potion of curing {unknown}
 s - a potion of resistance {unknown}
Books
 b - a book of Callings

   Spells                             Type                      Level
   a - Summon Small Mammal            Summoning                    1
   b - Call Imp                       Summoning                    2
   c - Call Canine Familiar           Summoning                    3
   d - Summon Guardian Golem          Hexes/Summoning              3
   e - Summon Lightning Spire         Summoning/Air                4
   f - Summon Ice Beast               Ice/Summoning                4
Comestibles
 c - 5 bread rations
 j - 4 fruits
 r - 2 meat rations


   Skills:
 - Level 1.5 Dodging
 - Level 1.0 Stealth
 + Level 2.9 Spellcasting
 * Level 5.8 Summonings


You had 10 spell levels left.
You knew the following spells:

 Your Spells              Type           Power        Failure   Level  Hunger
a - Summon Small Mammal   Summ           ###.         1%          1    #......


Dungeon Overview and Level Annotations

Branches:
Dungeon (5/15)
 Temple: D:4-7

Altars:
Dithmenos

Annotations:
D:5 Menkaure


Innate Abilities, Weirdness & Mutations

You are too large for most types of armour.
You have claws for hands.
Your metabolism is lightning-fast.
You like to eat raw meat.
Your natural rate of healing is unusually fast.
You are covered in fur. (AC +1)
You have very tough skin. (AC +2)


Message History

The sky beast flickers out of sight!
Deactivating autopickup; reactivate with Ctrl-A.
Something hits you. Something shocks you.
You miss something. Something hits you but does no damage.
You barely miss something. Something hits you but does no damage.
You barely miss something. Something hits you but does no damage.
You scratch something. Something hits you but does no damage.
You barely miss something. Something hits you. Something shocks you.
You miss something. Something hits you but does no damage.
You closely miss something. Something hits you. Something shocks you.
* * * LOW HITPOINT WARNING * * *
You scratch something. Something hits you but does no damage.
You scratch something but do no damage. Something hits you.
* * * LOW HITPOINT WARNING * * *
Something shocks you.
* * * LOW HITPOINT WARNING * * *
You miss something. Something hits you.
* * * LOW HITPOINT WARNING * * *
Something shocks you.
You die...

#..#####.###.#
#.......รท# #.#
...####### #.# #### #.#
###########.#
#........##.#
#.######.##.# #.#
#.##.#########
#.######.##....@{...#####
##.##............###.#.M.
...<#.###......#.###.#$#
......###.#<..##.......#
##........##.#######.#.#
....########.# #.#...
##.## #.#######.#.#.#
....# ##.........#.#.#
##.(# ##...########.# .


There were no monsters in sight!

Vanquished Creatures
  An ice beast (D:5)
  2 ogres (D:4)
  2 scorpions
  A howler monkey (D:5)
  A crimson imp (D:5)
  2 hounds
  A bullfrog zombie (D:5)
  A hound skeleton (D:4)
  4 gnolls
  5 adders
  An ooze (D:5)
  3 worms
  4 leopard geckos
  6 orcs
  4 bats
  7 giant cockroaches
  7 goblins
  4 hobgoblins
  2 quokkas (D:4)
  11 frilled lizards
  A giant cockroach zombie (D:5)
  4 kobolds
  A leopard gecko skeleton (D:5)
  A leopard gecko zombie (D:5)
  11 rats
87 creatures vanquished.

Vanquished Creatures (collateral kills)
  A frilled lizard (D:1)
1 creature vanquished.

Grand Total: 88 creatures vanquished

Notes
Turn   | Place    | Note
-------+----------+-------------------------------------------
     0 | D:1      | tarabluh the Troll Summoner began the quest for the Orb.
     0 | D:1      | Reached XP level 1. HP: 16/16 MP: 1/1
    15 | D:1      | Reached skill level 3 in Summonings
   231 | D:1      | Reached XP level 2. HP: 24/24 MP: 2/2
   588 | D:2      | Found a shadowy altar of Dithmenos.
   640 | D:2      | Reached XP level 3. HP: 29/31 MP: 0/4
   832 | D:2      | Reached XP level 4. HP: 39/39 MP: 5/5
  1158 | D:2      | Reached skill level 4 in Summonings
  1584 | D:4      | Reached XP level 5. HP: 30/45 MP: 7/7
  1743 | D:4      | Noticed an ogre
  1851 | D:4      | Killed an ogre
  1920 | D:4      | Noticed an ogre
  1935 | D:4      | Killed an ogre
  1935 | D:4      | Reached skill level 5 in Summonings
  1935 | D:4      | Reached XP level 6. HP: 51/53 MP: 5/8
  2332 | D:5      | Entered Level 5 of the Dungeon
  2876 | D:5      | Reached XP level 7. HP: 57/59 MP: 10/10
  3424 | D:5      | Noticed Menkaure
  3454 | D:5      | Slain by a sky beast

Vault maps used:
D:1:      moated_graveyard_arrival, minmay_misc_feat_pillars,
          minmay_misc_feat_rows, minmay_lizard_pond
D:2:      lemuel_crystal_altar, minmay_misc_feat_square
D:3:      kennysheep_generic_room_3, uniq_iyjb, uniq_terence
D:4:      minmay_unequal
D:5:      first_bread, wad_rectangle_vault, uniq_duvessa, uniq_menkaure

Skill      XL: |  1  2  3  4  5 |
---------------+----------------+-----
Summonings     | 3 4 5 |  5.8
Spellcasting   | 2 |  2.9
Dodging        | |  1.5
Stealth        | |  1.0

Action                   |  1- 3 |  4- 6 |  7- 9 || total
-------------------------+-------+-------+-------++-------
Melee: Unarmed           |   111 |   206 |    73 ||   390
Throw: Javelin           |       |       |     1 ||     1
 Cast: Summon Small Mamm |     8 |     8 |    11 ||    27
  Use: Scroll            |       |     6 |       ||     6
 Stab: Sleeping          |       |    12 |     1 ||    13
  Eat: Chunk             |    14 |    14 |     8 ||    36
Armor: Robe              |    57 |    73 |    36 ||   166
Dodge: Dodged            |    72 |   100 |    33 ||   205
